Map: Ascension to Aiur LE

Players

Thunderstrck - Winner!

  • Race: Terran Terran
  • League: Master
  • Spawn Location: 5:00

Pit

  • Race: Zerg Zerg
  • League: Diamond
  • Spawn Location: 11:00

VOD

Have the link to the VOD?

Description

Time

  • Played on: Dec. 16, 2017, 12:55 p.m.
  • Length: 15:08
Show
View Real Time Build Order
Export as new Build Order

Thunderstrck Terran - Winner!

Build Orders: Reaper Expand 

Get SALT Encoding   

  12  0:01  SCV  
  13  0:13  SCV  
  14  0:17  Supply Depot  
  14  0:25  SCV  
  15  0:39  SCV  
  15  0:40  Barracks  
  16  0:44  Refinery  
  16  0:51  SCV  
  17  1:03  SCV  
  18  1:15  SCV  
  19  1:27  Reaper  
  19  1:28  Orbital Command  
  20  1:41  Command Center  
  20  1:53  SCV  
  21  2:05  Factory  
  21  2:06  SCV  
  22  2:09  Refinery  
  22  2:10  Supply Depot  
  22  2:18  SCV  
  22  2:22  Barracks Reactor  
  23  2:32  SCV  
  24  2:44  SCV  
  25  2:54  Orbital Command  
  25  2:56  SCV  
  26  3:03  Armory  
  26  3:04  Hellion x2  
  26  3:05  Marine  
  31  3:08  SCV  
  32  3:20  SCV  
  32  3:22  SCV  
  32  3:26  Hellion x2  
  38  3:32  SCV  
  38  3:33  Supply Depot  
  39  3:37  SCV  
  40  3:44  SCV  
  41  3:51  Cyclone  
  41  3:55  Cyclone  
  47  3:57  Supply Depot  
  47  4:04  Command Center  
  47  4:06  SCV x2  
  47  4:23  SCV x2  
  52  4:24  Cyclone  
  52  4:26  Supply Depot  
  52  4:27  Cyclone  
  55  4:35  SCV x2  
  57  4:39  Barracks Tech Lab  
  57  4:47  SCV x2  
  57  4:48  Engineering Bay  
  57  4:50  Engineering Bay  
  59  4:53  Supply Depot  
  59  5:06  SCV x2  
  61  5:09  Refinery  
  61  5:10  Refinery  
  61  5:13  Barracks x2  
  60  5:14  Barracks  
  60  5:18  SCV x2  
  48  5:23  Orbital Command  
  48  5:24  Supply Depot  
  48  5:25  Stimpack  
  48  5:30  SCV  
  48  5:32  SCV  
  50  5:40  Terran Vehicle Weapons Level 1  
  50  5:43  Starport, SCV  
  50  5:45  Marine  
  50  5:48  Factory Tech Lab  
  52  5:52  SCV  
  52  5:53  SCV  
  52  5:55  SCV  
  55  6:02  Marine  
  56  6:04  SCV  
  56  6:05  SCV  
  56  6:06  Supply Depot  
  56  6:07  SCV  
  59  6:17  SCV x2  
  59  6:18  Siege Tank, Barracks Reactor x2  
  61  6:19  Barracks Reactor, SCV  
  61  6:25  Terran Infantry Weapons Level 1  
  59  6:27  Terran Infantry Armor Level 1  
  59  6:29  SCV  
  59  6:31  Orbital Command  
  60  6:38  Supply Depot  
  60  6:39  Supply Depot, Marine  
  61  6:41  Medivac x2  
  61  6:43  SCV  
  66  6:50  Siege Tank  
  66  6:51  SCV  
  66  6:52  Missile Turret  
  70  6:54  Marine x3  
  70  6:55  Marine, SCV  
  70  6:57  Marine, SCV  
  77  7:03  SCV  
  77  7:06  Marine x2  
  77  7:07  SCV  
  81  7:12  Marine  
  81  7:14  Supply Depot  
  82  7:19  Marine x2  
  82  7:20  Marine x2  
  82  7:22  Medivac x2  
  90  7:24  Marine  
  91  7:31  Marine x2  
  91  7:32  Siege Tank  
  91  7:33  SCV x2  
  91  7:35  Refinery x2  
  98  7:37  Marine x2  
  98  7:40  Supply Depot, Marine  
  98  7:41  Marine  
  98  7:42  Supply Depot  
  102  7:46  Barracks  
  102  7:49  Barracks, Marine x2  
  102  7:50  Marine  
  105  7:55  Marine  
  105  7:58  Barracks  
  106  7:59  Marauder  
  106  8:05  SCV x2  
  110  8:07  Marine x3  
  110  8:11  Marine x2  
  110  8:12  Liberator x2, Siege Tank  
  118  8:13  Marine  
  118  8:20  Marauder  
  120  8:27  Marine x2  
  120  8:28  Marine  
  120  8:29  Marine, SCV  
  120  8:30  SCV  
  132  8:34  Supply Depot x2, Terran Infantry Armor Level 2, Terran Infantry Weapons Level 2  
  132  8:35  Supply Depot  
  132  8:44  Command Center  
  132  8:46  Marine x2  
  132  8:47  Barracks Tech Lab  
  134  8:49  Barracks Reactor  
  134  8:50  Marine  
  135  9:12  Marine x4  
  135  9:13  Marauder  
  121  9:26  Marine x3  
  121  9:29  Marine x3  
  126  9:38  Liberator x2, Marine x3  
  126  9:39  Marine  
  126  9:40  SCV x3  
  126  9:44  Marine  
  134  9:47  Marauder  
  136  9:53  Marine x3  
  136  9:54  Siege Tank  
  136  9:57  Marauder  
  150  10:05  Terran Ship Weapons Level 1  
  150  10:09  Marauder  
  150  10:11  Missile Turret  
  144  10:23  Marine  
  144  10:24  Liberator x2, Marine x5  
  144  10:25  Marauder, Marine x2  
  154  10:30  Marauder  
  156  10:40  Siege Tank  
  156  10:41  Marine x3  
  168  10:46  Marauder  
  168  10:49  Marine x3  
  172  10:51  Marauder  
  175  10:57  Marine x2  
  177  11:08  Marauder  
  178  11:13  Marauder  
  178  11:16  Marine x8  
  178  11:17  Siege Tank  
  179  11:29  Marauder  
  177  11:34  Marauder, Marine  
  178  11:50  Marauder  
  178  11:52  Marine  
  178  11:53  Marine x6  
  187  11:58  Supply Depot  
  187  12:00  Planetary Fortress  
  187  12:10  Command Center  
  187  12:14  Command Center  
  187  12:17  Supply Depot, Terran Infantry Armor Level 3, Terran Infantry Weapons Level 3  
  187  12:20  Siege Tank, Marauder x2  
  194  12:25  Starport  
  194  12:26  Marine  
  194  12:27  Marine  
  196  12:38  Marine x4  
  196  12:42  Liberator  
  196  12:43  Liberator  
  200  12:57  Marine  
  200  12:59  Marine  
  181  13:25  Liberator  
  181  13:32  Marine x2  
  184  13:50  Marine  
  184  13:51  Marauder x2  
  189  14:01  Marine x4  
  189  14:02  Marine x2  
  195  14:12  Marauder, Marine x3  
Show
View Real Time Build Order
Export as new Build Order

Pit Zerg 

Build Orders: Hatch First 

Get SALT Encoding   

  12  0:05  Drone  
  13  0:13  Overlord  
  13  0:17  Drone  
  14  0:32  Drone x2  
  16  0:38  Drone  
  17  0:55  Drone  
  17  0:56  Hatchery  
  17  0:59  Drone  
  18  1:09  Extractor  
  17  1:16  Spawning Pool  
  17  1:18  Drone  
  17  1:25  Drone  
  18  1:35  Drone  
  19  1:41  Overlord  
  19  1:55  Drone  
  20  2:03  Zergling x2, Queen  
  20  2:08  Zergling x2  
  24  2:10  Queen  
  24  2:11  Metabolic Boost  
  26  2:35  Hatchery  
  25  2:44  Drone x4  
  25  2:45  Drone  
  30  2:58  Overlord  
  30  3:04  Queen  
  32  3:07  Overlord  
  33  3:12  Drone  
  33  3:13  Drone x2  
  35  3:23  Drone  
  35  3:24  Drone x3  
  39  3:38  Drone x2  
  39  3:39  Drone x3  
  44  3:41  Queen  
  45  3:48  Queen  
  45  3:55  Evolution Chamber, Lair  
  47  4:00  Overlord  
  46  4:20  Overlord  
  46  4:21  Drone x4  
  46  4:22  Drone x3  
  52  4:26  Extractor  
  52  4:27  Overlord  
  51  4:42  Zergling x2  
  51  4:43  Zergling x14  
  51  4:44  Zergling x2  
  60  4:50  Baneling Nest  
  56  5:12  Zergling x12  
  61  5:17  Drone  
  61  5:18  Drone x3  
  59  5:24  Drone x4  
  63  5:34  Extractor  
  62  5:37  Extractor  
  62  5:38  Hatchery  
  62  5:41  Centrifical Hooks  
  60  5:43  Zerg Melee Weapons Level 1  
  60  5:52  Overlord  
  60  5:53  Drone x3  
  60  5:54  Drone  
  64  5:58  Hatchery  
  63  6:23  Drone x5  
  66  6:35  Hatchery  
  66  6:36  Pneumatized Carapace  
  65  6:50  Overlord  
  65  6:55  Evolution Chamber  
  65  6:57  Hydralisk Den  
  63  7:16  Baneling x6  
  63  7:17  Overlord x4  
  63  7:18  Drone  
  63  7:19  Drone x8  
  72  7:26  Overseer  
  72  7:29  Zerg Missile Weapons Level 1  
  72  7:30  Muscular Augments  
  72  7:31  Hydralisk x5  
  72  7:33  Zergling x8  
  86  8:00  Zergling x2  
  86  8:01  Zergling x28  
  101  8:06  Extractor  
  101  8:07  Zerg Melee Weapons Level 2, Extractor  
  95  8:38  Drone  
  95  8:39  Drone x4  
  100  8:41  Spore Crawler  
  99  8:49  Zergling x8  
  99  8:50  Zergling x26  
  99  8:53  Infestation Pit  
  99  8:54  Hatchery  
  114  9:02  Zergling x2  
  98  9:17  Zergling x12  
  98  9:18  Zergling x12  
  97  9:32  Spawning Pool  
  97  9:34  Hive  
  96  9:42  Drone x3  
  99  9:45  Zerg Missile Weapons Level 2  
  99  9:55  Overlord  
  99  9:56  Overlord x2  
  99  10:09  Drone x11  
  99  10:10  Drone  
  109  10:14  Extractor x2  
  105  10:33  Zerg Ground Armor Level 1  
  105  10:35  Hatchery  
  104  10:38  Hatchery  
  104  10:39  Hydralisk  
  104  10:40  Hydralisk x9  
  123  10:43  Baneling  
  123  10:44  Baneling x18  
  123  10:45  Baneling x13  
  123  11:07  Adrenal Glands  
  123  11:08  Hatchery  
  115  11:12  Ultralisk Cavern  
  103  11:27  Drone  
  103  11:28  Drone x2  
  105  11:42  Evolution Chamber  
  92  11:47  Zergling x6  
  92  11:48  Zergling x42  
  92  11:53  Queen  
  118  12:05  Ultralisk x5  
  148  12:09  Chitinous Plating  
  148  12:12  Drone x2  
  148  12:15  Overlord x3  
  150  12:31  Spore Crawler  
  150  12:33  Spine Crawler  
  148  12:48  Baneling  
  148  12:49  Baneling x3  
  153  12:51  Ultralisk  
  98  13:08  Zergling x2  
  98  13:09  Zergling x30  
  98  13:10  Zergling x2  
  115  13:29  Hydralisk  
  115  13:32  Baneling  
  115  13:33  Baneling x4  
  96  13:54  Ultralisk  
  96  13:55  Ultralisk x2  
  114  14:09  Extractor x2  
  112  14:24  Overlord x3  
  112  14:25  Overlord x2  
  111  14:41  Hatchery  
Tags
 
Add a new tag
Caveats
  • Supply blocks, unpowered buildings, or Contaminate may cause inaccurate times.
  • Supply counts are checked every 10 seconds.